 Dungeon Crawl Stone Soup version 0.30.1-11-g7821555f0a (webtiles) character file.

Game seed: 17474854390264108185

28 monsoonserge the Grasshopper (level 2, -1/22 HPs)
             Began as a Demonspawn Warper on Nov 2, 2023.
             Succumbed to an adder's poison
             ... on level 2 of the Dungeon.
             The game lasted 00:02:23 (759 turns).

monsoonserge the Grasshopper (Demonspawn Warper)     Turns: 759, Time: 00:02:24

Health: -1/22      AC:  2    Str: 11    XL:     2   Next: 96%
Magic:  3/5        EV: 10    Int: 14    God:
Gold:   19         SH:  4    Dex: 12    Spells: 3/5 levels left

rFire   . . .        a - +0 falchion
rCold   . . .        (no shield)
rNeg    . . .        i - +0 ring mail
rPois   .            (helmet restricted)
rElec   .            (no cloak)
rCorr   .            (no gloves)
SInv    .            (no boots)
Will    +....        (no amulet)
Stlth   +            (no ring)
HPRegen 0.23/turn    (no ring)
MPRegen 0.09/turn

%: no passive effects
@: mighty, brilliant, lethally poisoned (-1 -> -4)
A: condensation shield, beak, deformed body, deterioration 1, strong-willed 1
a: no special abilities


You were on level 2 of the Dungeon.
You visited 1 branch of the dungeon, and saw 2 of its levels.

You collected 19 gold pieces.

Inventory:

Hand Weapons
 a - a +0 falchion (weapon)
Missiles
 b - 3 poisoned darts
 d - 7 boomerangs of dispersal (quivered)
Armour
 i - a +0 ring mail (worn)
Scrolls
 c - a scroll of blinking


   Skills:
 + Level 2.0 Fighting
 + Level 2.0 Long Blades
 + Level 0.8 Throwing
 * Level 1.4 Armour
 + Level 2.0 Dodging
 + Level 0.4 Stealth
 - Level 2.0 Spellcasting
 * Level 3.2 Translocations


You had 3 spell levels left.
You knew the following spells:

 Your Spells              Type           Power      Damage    Failure   Level
a - Blink                 Tloc           30%        N/A       22%         2

Your spell library contained the following spells:

 Spells                   Type           Power      Damage    Failure   Level
 Lesser Beckoning         Tloc           30%        N/A       22%         2
 Teleport Other           Tloc           15%        N/A       41%         3
 Vhi's Electric Charge    Tloc/Air       16%        N/A       65%         3
 Ozocubu's Armour         Ice            2%         N/A       86%         3
 Manifold Assault         Tloc           15%        N/A       83%         4
 Metabolic Englaciation   Hex/Ice        1%         N/A       100%        5
 Simulacrum               Ice/Necr       1%         N/A       100%        6


Dungeon Overview and Level Annotations

Branches:
Dungeon (2/15)

Altars:


Innate Abilities, Weirdness & Mutations

A meltable shield of frost defends you. (SH +4)
You have a beak for a mouth.
Armour fits poorly on your strangely shaped body.
Your body sometimes deteriorates upon taking damage.
You are strong-willed. (Will+)


Message History

* * * LOW HITPOINT WARNING * * *
The adder bites you but does no damage.
Unknown command.
It was a potion of brilliance.
You feel clever all of a sudden.
You feel stable enough to blink again.
* * * LOW HITPOINT WARNING * * *
You feel sick.
The hobgoblin hits you but does no damage.
The adder bites you but does no damage.
It was a potion of mutation.
You feel extremely strange.
You feel yourself wasting away.
You feel strong-willed.
Your body twists and deforms.
Your mouth lengthens and hardens into a beak!
* * * LOW HITPOINT WARNING * * *
You feel sick.
You are no longer poisoned.
The adder bites you but does no damage. You block the hobgoblin's attack.
The adder closely misses you.
It was a potion of curing.
You feel better. The endoplasm hits you. The hobgoblin hits you.
The adder bites you.
You are poisoned.
The adder poisons you!
You slash the adder!
You kill the adder!
* * * LOW HITPOINT WARNING * * *
You feel sick. The endoplasm barely misses you. The hobgoblin hits you.
* * * LOW HITPOINT WARNING * * *
The endoplasm freezes you.
You are frozen.
* * * LOW HITPOINT WARNING * * *
The hobgoblin hits you but does no damage.
Your Dodging skill increases to level 2!
You slash the endoplasm!
You kill the endoplasm!
* * * LOW HITPOINT WARNING * * *
You feel sick. You block the hobgoblin's attack.
Your Long Blades skill increases to level 2!
You slash the hobgoblin!
You kill the hobgoblin!
You die...

..............
............. .
#!.......... ..
#.......... ...
...............
##........#.....
(...............
......).@.# #.....††.# +#
### #........###.##...
##..#.............
.....<............
.#.....#.......# .
.......#.......# ..
...............###...#...
....#.#...........#..#...


There were no monsters in sight!

Vanquished Creatures
  An adder (D:2)
  2 dart slugs
  4 bats (D:1)
  2 endoplasms (D:2)
  A giant cockroach (D:1)
  A hobgoblin (D:2)
  A kobold (D:1)
  A quokka (D:2)
  A ball python (D:1)
  A rat (D:1)
15 creatures vanquished.

Notes
Turn   | Place    | Note
-------+----------+-------------------------------------------
     0 | D:1      | monsoonserge the Demonspawn Warper began the quest for the
                  | Orb.
     0 | D:1      | Reached XP level 1. HP: 16/16 MP: 3/3
    42 | D:1      | Reached skill level 1 in Armour
   378 | D:1      | Reached skill level 3 in Translocations
   382 | D:1      | Gained mutation: A meltable shield of frost defends you.
                  | (SH +4) [demonic ancestry]
   382 | D:1      | Reached XP level 2. HP: 21/22 MP: 5/5
   385 | D:1      | Learned a level 2 spell: Blink
   755 | D:2      | Gained mutation: Your body sometimes deteriorates upon
                  | taking damage. [potion of mutation]
   755 | D:2      | Gained mutation: You are strong-willed. (Will+) [potion of
                  | mutation]
   755 | D:2      | Gained mutation: Armour fits poorly on your strangely
                  | shaped body. [potion of mutation]
   755 | D:2      | Gained mutation: You have a beak for a mouth. [potion of
                  | mutation]
   755 | D:2      | HP: 1/22 [poisoned by an adder]
   759 | D:2      | Succumbed to an adder's poison

Illustrated notes

Levels and vault maps discovered:
D:1:      saegor_arrival_miasma, layout_basic
D:2:      layout_basic, hellmonk_ecumenical_altar_defaced_shrine, uniq_sigmund,
          uniq_natasha, uniq_robin

Skill      XL: |  1  2 |
---------------+-------+-----
Armour         | 1 |  1.4
Translocations | 3 |  3.2
Dodging        | 2 |  2.0
Long Blades    | 2 |  2.0
Fighting       | |  2.0
Throwing       | |  0.8
Stealth        | |  0.4
Spellcasting   | |  2.0

Action                     || total
---------------------------++-------
  Melee: Falchion          ||    59
   Cast: Blink             ||     1
    Use: Potion            ||     4
 Armour: Leather armour    ||    35
         Ring mail         ||     7
  Dodge: Dodged            ||    50
  Block: Other             ||    13
